 Dungeon Crawl Stone Soup version 0.26-a0-466-g989023bd0d (webtiles) character file.

Game seed: 16373202315074040385

3 mortelune the Skirmisher (level 1, 0/18 HPs)
             Began as a Formicid Abyssal Knight on Aug 2, 2020.
             Was an Initiate of Lugonu.
             Succumbed to a goblin's poison
             ... on level 1 of the Dungeon.
             The game lasted 00:00:42 (147 turns).

mortelune the Skirmisher (Formicid Abyssal Knight)   Turns: 147, Time: 00:00:44

Health: 0/18       AC:  3    Str: 16    XL:     1   Next: 55%
Magic:  2/2        EV: 11    Int: 11    God:    Lugonu [......]
Gold:   37         SH:  0    Dex: 10    Spells: 0/0 levels left

rFire    . . .     SeeInvis +   a - +1 falchion
rCold    . . .     Faith    .   (no shield)
rNeg     . . .     Spirit   .   b - +0 leather armour
rPois    .         Reflect  .   (helmet unavailable)
rElec    .         Harm     .   (no cloak)
rCorr    .                      (no gloves)
MR       .....                  (no boots)
Stlth    +.........             (no amulet)
HPRegen  0.06/turn              (no ring)
MPRegen  0.08/turn              (no ring)

@: lethally poisoned (0 -> -6)
A: permanent stasis, dig shafts and tunnels, four strong arms, antennae 3
a: Dig, Shaft Self, Renounce Religion


You were on level 1 of the Dungeon.
You worshipped Lugonu.
Lugonu was noncommittal.
You visited 1 branch of the dungeon, and saw 1 of its levels.
You visited the Abyss 1 time.

You collected 37 gold pieces.

Inventory:

Hand Weapons
 a - a +1 falchion (weapon)
Armour
 b - a +0 leather armour (worn)
Scrolls
 c - 2 scrolls of blinking {unknown}


   Skills:
 + Level 3.3 Fighting
 * Level 2.2 Long Blades
 - Level 2.1 Armour
 - Level 0.8 Dodging
 - Level 2.1 Invocations


You couldn't memorise any spells.
You didn't know any spells.
Your spell library was empty.

Dungeon Overview and Level Annotations

Branches:
Dungeon (1/15)

Altars:


Innate Abilities, Weirdness & Mutations

You cannot be hasted, slowed, berserked, paralysed or teleported.
You can dig through walls and to a lower floor.
Your four strong arms can wield two-handed weapons with a shield.
You have a pair of large antennae on your head. (SInv)


Message History

You feel sick.
You feel sick.
* * * LOW HITPOINT WARNING * * *
You feel sick.
You see here a scroll labeled OWIUBA IGHISUNT.
It was a potion of berserk rage.
Your stasis prevents you from going berserk.
* * * LOW HITPOINT WARNING * * *
You feel sick.
* * * LOW HITPOINT WARNING * * *
You feel sick.
Found 19 stones.
There is a lethal amount of poison in your body!
There is a lethal amount of poison in your body!
There is a lethal amount of poison in your body!
* * * LOW HITPOINT WARNING * * *
You feel sick.
* * * LOW HITPOINT WARNING * * *
You feel sick.
You die...

..P ........ ...#.
.♣P..##.#.##.#
#.#.#
♣....##.#.##.#
#.#..#
♣.........##.# #.#
#.##)...)...## ##.
#.####.#####.###.#
#.# #?# ##.#.##
#.# #.# ##.###
#@####.######...##
#...............+.
#####.#######...##
#.# ##.### #.# #.#
#.# ..# #.# ..#
#.# .# #.#


There were no monsters in sight!

Vanquished Creatures
  2 goblins (D:1)
  A kobold (D:1)
3 creatures vanquished.

Notes
Turn   | Place    | Note
-------+----------+-------------------------------------------
     0 | Abyss:1  | mortelune the Formicid Abyssal Knight began the quest for
                  | the Orb.
     0 | Abyss:1  | Reached XP level 1. HP: 18/18 MP: 2/2
    58 | Abyss:1  | Noticed a raiju
    61 | D:1      | Escaped the Abyss
   147 | D:1      | Succumbed to a goblin's poison

Illustrated notes

Levels and vault maps discovered:
D:1:      evilmike_arrival_plus, layout_loops_ring, serial_forest,
          infiniplex_forest_corner_1, infiniplex_forest_zigzag_1,
          infiniplex_forest_end_3, infiniplex_forest_diagonal,
          infiniplex_forest_clump_tiny, infiniplex_forest_straight_1,
          infiniplex_forest_fountain

Action                   || total
-------------------------++-------
Melee: Falchion          ||    10
Invok: Depart the Abyss  ||     1
  Use: Potion            ||     1
Armor: Leather armour    ||     3
Dodge: Dodged            ||     3
       Rpst.: Falchion   ||     1

Table legend: (Time is in decaauts)
 A = Elapsed time spent in this place.
 B = Non-inter-level travel time spent in this place.
 C = Inter-level travel time spent in this place.
 D = Time resting spent in this place.
 E = Time spent auto-exploring this place.
 F = Levels seen in this place.
 G = Mean time per level.
                   A        B        C        D        E       F      G
               +--------+--------+--------+--------+--------+-----+--------+
         Total |    148 |    148 |      0 |      0 |    104 |   2 |   74.0 |
       Dungeon |     87 |     87 |      0 |      0 |     47 |   1 |   87.0 |
         Abyss |     61 |     61 |      0 |      0 |     57 |   1 |   61.0 |
               +--------+--------+--------+--------+--------+-----+--------+

Top non-repeatable levels by time:
     D:1: 87 daAuts
 Abyss:1: 61 daAuts
